 Dungeon Crawl Stone Soup version 0.29.1-14-g9c671dbff4 (webtiles) character file.

Game seed: 12757457163568228137

6989 raph the Summoner (level 10, 0/58 HPs)
             Began as a Deep Elf Summoner on Feb 14, 2023.
             Was an Elder of Dithmenos.
             Slain by an orc warrior
             ... wielding a +1 vorpal war axe
              (2 damage)
             ... on level 8 of the Dungeon.
             The game lasted 00:29:29 (13465 turns).

raph the Summoner (Deep Elf Summoner)              Turns: 13465, Time: 00:29:30

Health: 0/58       AC: 13    Str: 11    XL:     10   Next: 81%
Magic:  18/24      EV: 14    Int: 25    God:    Dithmenos [****..]
Gold:   465        SH:  0    Dex: 15    Spells: 6/26 levels left

rFire   . . .      SeeInvis +   a - +1 rapier (drain)
rCold   . . .      Faith    +   (no shield)
rNeg    . . .      Spirit   .   z - +0 acid dragon scales
rPois   .          Reflect  .   d - +2 helmet
rElec   .          Harm     .   q - +1 cloak
rCorr   +          Rampage  .   (no gloves)
Will    +....                   M - +1 pair of boots
Stlth   +++++.....              y - amulet of faith
HPRegen 0.19/turn               G - +6 ring of strength
MPRegen 0.19/turn               i - ring of see invisible

@: wreathed by umbra
A: no striking features
a: Renounce Religion, Shadow Step


You were on level 8 of the Dungeon.
You worshipped Dithmenos.
Dithmenos was greatly pleased with you.
You visited 1 branch of the dungeon, and saw 8 of its levels.
You also visited: Ossuary.

You collected 465 gold pieces.

Inventory:

Hand Weapons
 a - a +1 rapier of draining (weapon)
 b - a +1 dagger of draining
 c - a +0 dagger
 e - a +2 short sword of draining
 o - a +0 rapier
 v - a +0 shortbow
Missiles
 f - 6 boomerangs
 w - 2 throwing nets
Armour
 d - a +2 helmet (worn)
 q - a +1 cloak (worn)
 z - +0 acid dragon scales (worn)
 M - a +1 pair of boots (worn)
Jewellery
 i - a ring of see invisible (right hand)
 s - a ring of protection from cold
 x - a ring of ice
 y - an amulet of faith (around neck)
 G - a +6 ring of strength (left hand)
Wands
 H - a wand of light (9)
 I - a wand of flame (18)
Scrolls
 j - 4 scrolls of teleportation
 A - 2 scrolls of summoning
 J - a scroll of identify
Potions
 g - 6 potions of curing
 h - 4 potions of haste
 k - 4 potions of lignification
 l - a potion of cancellation
 m - 3 potions of berserk rage
 n - 2 potions of invisibility
 p - 3 potions of flight
 r - 2 potions of attraction
 t - 3 potions of brilliance
 D - a potion of ambrosia
 E - a potion of resistance
 F - 3 potions of magic
 K - a potion of heal wounds
 L - 2 potions of mutation


   Skills:
 + Level 4.3 Fighting
 + Level 1.4 Armour
 + Level 6.9 Dodging
 + Level 7.5 Stealth
 + Level 8.5 Spellcasting
 - Level 4.6 Hexes
 * Level 11.8 Summonings
 + Level 2.1 Translocations
 - Level 2.5 Air Magic
 + Level 4.5 Invocations


You had 6 spell levels left.
You knew the following spells:

 Your Spells              Type           Power      Damage    Failure   Level
a - Summon Small Mammal   Summ           100%       N/A       1%          1
b - Call Imp              Summ           63%        N/A       1%          2
c - Call Canine Familiar  Summ           63%        N/A       1%          3
d - Summon Guardian Gole  Hex/Summ       51%        N/A       1%          3
e - Summon Lightning Spi  Summ/Air       46%        N/A       4%          4
f - Summon Ice Beast      Ice/Summ       40%        N/A       8%          4
g - Teleport Other        Tloc           21%        N/A       11%         3

Your spell library contained the following spells:

 Spells                   Type           Power      Damage    Failure   Level
 Apportation              Tloc           42%        N/A       3%          1
 Necrotise                Necr           40%        1d6       9%          1
 Gell's Gravitas          Tloc           21%        N/A       11%         3
 Lesser Beckoning         Tloc           21%        N/A       11%         3
 Mephitic Cloud           Conj/Pois/Air  14%        N/A       19%         3
 Ignite Poison            Fire/Tmut/Pois 10%        N/A       26%         3
 Freezing Cloud           Conj/Ice/Air   7%         6-21      87%         5
 Simulacrum               Ice/Necr       5%         N/A       100%        6
 Malign Gateway           Summ/Tloc      22%        N/A       99%         7
 Summon Horrible Things   Summ           31%        N/A       99%         8


Dungeon Overview and Level Annotations

Branches:
Dungeon (8/15)             Temple (0/1) D:7            Lair (0/5) D:8
Ossuary (visited)

Altars:
Ashenzari
Dithmenos
Elyvilon
Kikubaaqudgha
Trog
Zin

Annotations:
D:7 1 runed translucent door, xelsha's ghost, novice DjAE


Message History

The centaur closely misses you.
The orc warrior hits you with a +1 vorpal war axe.
The centaur hits you. The centaur barely misses you.
Your quokka barely misses the centaur.
The centaur completely misses you. The centaur barely misses you.
The orc warrior hits your shadow imp with a +1 vorpal war axe!!
Your shadow imp dies!
Your shadow imp disappears in a puff of smoke!
You hit the centaur.
The centaur is heavily wounded.
The centaur misses you.
The centaur kicks you but does no damage.
Your quokka bites the centaur. x2
The orc warrior hits your quokka with a +1 vorpal war axe!
Your quokka dies!
Your quokka's corpse disappears in a puff of smoke!
The centaur hits you but does no damage.
The centaur kicks you but does no damage.
Your quokka barely misses the centaur.
Casting: Summon Small Mammal (safe; 1% risk of failure)
Confirm with . or Enter, or press ? or * to list all spells.
A chill wind blows around you. The centaur closely misses you.
The centaur completely misses you.
Your quokka barely misses the centaur.
You swap places.
The centaur barely misses you. The centaur completely misses you.
Your quokka bites the centaur.
The orc warrior hits you with a +1 vorpal war axe!
* * * LOW HITPOINT WARNING * * *
x2 The orc warrior hits your quokka with a +1 vorpal war axe!
Your quokka dies!
Your quokka's corpse disappears in a puff of smoke!
The orc warrior hits your ice beast with a +1 vorpal war axe.
The centaur barely misses you. The centaur closely misses you.
Your ice beast closely misses the orc warrior.
As you read the scroll of fear, it crumbles to dust.
You assume a fearsome visage.
The orc looks frightened!
The orc warrior looks frightened!
The centaur looks frightened!
The orc warrior closely misses your ice beast.
The orc warrior hits you with a +1 vorpal war axe.
* * * LOW HITPOINT WARNING * * *
You die...

.#...h..[#..#.#,,*,_*,##...+.....
.##..#####....##.,,**..#..##.....
..##.....).....#.*,*,..#........#
#..##.....#....#.##*...#........#
##..##...###...##.#*...#........#
.##..##.##.#..†.#.#....#........#
..#######..##..Y#c#...##..######.
........)...##..o.o..##....# #.
..#..........##.@§..##.....# #.
..#...........#######......# #.
..#####'###.#........§#..### ###.
#######.###+#......####### #...
............'......# #...
............#......# #...
.......>....#......# #.).
............#......# #)))
##....#####.#.[....###### #...


You could see an orc warrior (fleeing, ally target), a centaur (fleeing,
drained), an orc (fleeing) and a friendly ice beast (summoned).

Vanquished Creatures
  A steam dragon (D:7)
  A water moccasin (D:5)
  2 sky beasts
  An ogre (D:5)
  A centaur (D:5)
  A phantom (D:5)
  2 bullfrogs
  2 scorpions (Ossuary)
  2 hounds (D:8)
  2 jellies
  3 iguanas
  An orc wizard (D:4)
  10 gnolls
  2 adders
  2 white imps
  An ufetubus (D:5)
  A worm (D:5)
  A dart slug (D:1)
  9 orcs
  3 bats
  3 endoplasms
  A giant cockroach (D:1)
  A goblin (D:4)
  4 hobgoblins
  5 jackals (D:4)
  A quokka (D:4)
  3 ball pythons
  A goblin zombie (Ossuary)
  A hobgoblin zombie (Ossuary)
  4 kobolds
  A kobold zombie (Ossuary)
  4 rats
77 creatures vanquished.

Vanquished Creatures (collateral kills)
  A hydra (D:8)
  Pikel (D:7)
  A shadow (D:8)
  Eustachio (D:6)
  A nameless horror (D:8)
  A water moccasin (D:5)
  Duvessa (D:7)
  2 orc warriors
  A sky beast (D:7)
  3 ice beasts
  A black bear (D:6)
  4 ogres
  A wolf (D:8)
  A centaur (D:6)
  A lemure (D:7)
  A phantom (D:5)
  A kobold brigand (D:7)
  2 bullfrogs
  8 scorpions
  3 wights (D:7)
  Dowan (D:7)
  4 howler monkeys
  An electric eel (D:8)
  2 centaur zombies (Ossuary)
  7 hounds
  3 jellies
  4 orc priests
  3 human zombies (Ossuary)
  A gnoll bouda (D:8)
  An iguana (D:5)
  An orc wizard (D:4)
  2 scorpion zombies (Ossuary)
  4 mummies
  4 adders
  21 gnolls
  A shadow imp (D:5)
  4 white imps
  2 ufetubi
  A dart slug (D:1)
  28 orcs
  2 bats
  4 endoplasms
  A giant cockroach (D:1)
  2 goblins (D:1)
  4 hobgoblins
  7 jackals
  2 quokkas (D:2)
  4 ball pythons
  2 frilled lizards
  3 gnoll zombies (Ossuary)
  2 goblin zombies (Ossuary)
  3 hobgoblin zombies (Ossuary)
  12 kobolds
  5 rats
  A bush (D:8)
185 creatures vanquished.

Vanquished Creatures (others)
  Maggie (D:7)
  A troll (D:8)
  A steam dragon (D:6)
  An iguana (D:5)
  3 gnolls
  An orc (D:5)
  2 plants (D:4)
10 creatures vanquished.

Grand Total: 272 creatures vanquished

Notes
Turn   | Place    | Note
-------+----------+-------------------------------------------
     0 | D:1      | raph the Deep Elf Summoner began the quest for the Orb.
     0 | D:1      | Reached XP level 1. HP: 10/10 MP: 6/6
   405 | D:1      | Reached XP level 2. HP: 13/15 MP: 6/8
   481 | D:1      | Learned a level 2 spell: Call Imp
   511 | D:1      | Reached skill level 5 in Summonings
   528 | D:1      | Found a faded altar of an unknown god.
  1034 | D:2      | Reached XP level 3. HP: 9/19 MP: 4/9
  1075 | D:2      | Learned a level 3 spell: Call Canine Familiar
  1641 | D:2      | Found an ancient bone altar of Kikubaaqudgha.
  2349 | D:3      | Reached XP level 4. HP: 24/24 MP: 11/11
  2353 | D:3      | Learned a level 3 spell: Summon Guardian Golem
  2366 | D:3      | Found a glowing silver altar of Zin.
  2366 | D:3      | Noticed an angel
  2965 | D:4      | Noticed an ogre
  2974 | D:4      | Killed an ogre
  2975 | D:4      | Reached skill level 1 in Hexes
  2975 | D:4      | Reached skill level 6 in Summonings
  2975 | D:4      | Reached XP level 5. HP: 27/28 MP: 4/13
  3483 | D:4      | Found a white marble altar of Elyvilon.
  3495 | D:4      | Reached skill level 7 in Summonings
  3495 | D:4      | Reached XP level 6. HP: 26/32 MP: 11/15
  3618 | D:4      | HP: 1/32 [gnoll/+0 flail (9)]
  4112 | D:4      | Learned a level 4 spell: Summon Lightning Spire
  4197 | D:4      | Found a shadowy altar of Dithmenos.
  4200 | D:4      | Became a worshipper of Dithmenos the Shadowed
  4275 | D:4      | Reached skill level 5 in Spellcasting
  4275 | D:4      | Reached skill level 1 in Air Magic
  4564 | D:4      | Reached XP level 7. HP: 21/36 MP: 13/16
  4618 | D:4      | Reached * piety under Dithmenos
  5074 | D:4      | Reached skill level 8 in Summonings
  5541 | D:5      | Entered Level 5 of the Dungeon
  5636 | D:5      | Got the Quarto of the Traveller and Hypothermia
  5642 | D:5      | Learned a level 4 spell: Summon Ice Beast
  5862 | D:5      | Reached XP level 8. HP: 42/42 MP: 14/19
  5988 | D:5      | Reached ** piety under Dithmenos
  5989 | D:5      | Reached skill level 1 in Fighting
  6019 | D:5      | Reached skill level 9 in Summonings
  8190 | D:6      | Reached XP level 9. HP: 38/49 MP: 9/20
  8194 | D:6      | Learned a level 3 spell: Teleport Other
  8349 | D:6      | Reached skill level 5 in Stealth
  8431 | D:6      | Found a bloodstained altar of Trog.
  8443 | D:6      | Found a broken altar of Ashenzari.
  8474 | D:6      | Noticed Eustachio
  8499 | D:6      | Killed Eustachio
  8500 | D:6      | Reached skill level 10 in Summonings
  8910 | D:6      | Reached *** piety under Dithmenos
  8918 | D:6      | Reached skill level 1 in Invocations
  8919 | D:6      | Reached skill level 5 in Dodging
  9334 | D:7      | Noticed Maggie
  9342 | D:7      | Noticed Duvessa
  9696 | D:7      | Found a staircase to the Ecumenical Temple.
  9697 | D:7      | Noticed Dowan
  9725 | D:7      | Killed Duvessa
  9729 | D:7      | Noticed Pikel
  9741 | D:7      | Found a sand-covered staircase.
  9803 | Ossuary  | Entered an ossuary
 10028 | Ossuary  | Reached **** piety under Dithmenos
 10072 | Ossuary  | Reached XP level 10. HP: 42/56 MP: 15/23
 10075 | Ossuary  | Reached skill level 11 in Summonings
 10444 | D:7      | Killed Dowan
 10664 | D:7      | Killed Pikel
 10707 | D:7      | Killed Maggie
 11052 | D:7      | Found a runed translucent door.
 11056 | D:7      | Noticed xelsha's ghost (novice DjAE)
 11690 | D:8      | Reached skill level 1 in Translocations
 11813 | D:8      | Reached ***** piety under Dithmenos
 12333 | D:8      | Found a staircase to the Lair.
 12805 | D:8      | Reached skill level 1 in Armour
 12864 | D:8      | Noticed a five-headed hydra
 13250 | D:8      | Killed a five-headed hydra
 13465 | D:8      | HP: 2/58 [orc warrior/+1 vorpal war axe (4)]
 13465 | D:8      | Slain by an orc warrior

Illustrated notes

Levels and vault maps discovered:
D:1:      minmay_arrival_wavy_path, layout_rooms,
          shapermc_ecumenical_altar_starsandcircs
D:2:      layout_rooms, basic_altar, supply_closet_lemuel
D:3:      layout_loops_corners, zin_angel
D:4:      lemuel_castle_with_subvaults [lemuel_castle_interior_original],
          layout_cave_pools, kennysheep_mini,
          mainiacjoe_overflow_six_doors_small, palyth_stone_intersect
D:5:      minmay_chambers_of_threes, layout_basic, st_stairs_9
D:6:      layout_rooms, amethyst_overflow_temple_binary,
          kennysheep_generic_room_3, uniq_eustachio
D:7:      layout_rooms, minmay_temple_entry_ruins, gup_ossuary_entry_pyramid,
          ebering_ghost_reflecting_pool, uniq_pikel, uniq_duvessa, uniq_maggie
D:8:      minmay_the_grid_octo_triangle [minmay_the_grid_octo_vomiting_pacman,
          minmay_the_grid_octo_prize_star, minmay_the_grid_octo_77],
          layout_gridville, erik_lair_island, corexii_checkpoint_a,
          hangedman_abyss_or_decor_lesser_grid, minmay_hedge_maze

Skill      XL: |  1  2  3  4  5  6  7  8  9 10 |
---------------+-------------------------------+-----
Summonings     | 5 6 7 8 9 10 11 | 11.8
Spellcasting   | 4 5 6 7 8 |  8.5
Hexes          | 1 2 3 4 |  4.6
Air Magic      | 1 2 |  2.5
Dodging        | 4 6 |  6.9
Stealth        | 4 6 7 |  7.5
Fighting       | 2 3 4 |  4.3
Invocations    | 3 4 |  4.5
Translocations | 2 |  2.1
Armour         | 1 |  1.4

Action                   |  1- 3 |  4- 6 |  7- 9 | 10-12 || total
-------------------------+-------+-------+-------+-------++-------
Melee: Dagger            |     4 |       |       |       ||     4
       Short sword       |    41 |    52 |   113 |       ||   206
       Punch             |       |     1 |     5 |     2 ||     8
       Rapier            |       |       |    86 |    85 ||   171
 Cast: Summon Small Mamm |    31 |    19 |    64 |    29 ||   143
       Call Imp          |    10 |    11 |    29 |    17 ||    67
       Call Canine Famil |     1 |     8 |    22 |    17 ||    48
       Summon Guardian G |       |     4 |    21 |    19 ||    44
       Summon Ice Beast  |       |       |    21 |    19 ||    40
       Summon Lightning  |       |       |     7 |     6 ||    13
Evoke: Wand              |       |       |     1 |       ||     1
  Use: Potion            |     1 |       |     3 |       ||     4
       Scroll            |     6 |     1 |    13 |    11 ||    31
 Stab: Sleeping          |     4 |     1 |     2 |     2 ||     9
       Distracted        |       |     1 |     4 |     1 ||     6
Armor: Robe              |    24 |    27 |    78 |     9 ||   138
       Acid dragon scale |       |       |       |    42 ||    42
Dodge: Dodged            |    39 |    48 |   261 |   134 ||   482
